 Dungeon Crawl Stone Soup version 0.24.0-28-g17ded55e90 (webtiles) character file.

Game seed: 11685483955771581284, levelgen mode: deterministic

10999 Curus the Severer (level 11, -2/99 HPs)
             Began as a Minotaur Monk on Nov 12, 2019.
             Was a High Priest of Trog.
             Slain by a spriggan
             ... wielding the +7 trident of Capital Punishment {vamp, Stlth+}
              (11 damage)
             ... on level 1 of the Lair of Beasts.
             The game lasted 00:37:06 (8793 turns).

Curus the Severer (Minotaur Monk)                   Turns: 8793, Time: 00:37:07

Health: -2/99      AC: 20    Str: 22    XL:     11   Next: 43%
Magic:  10/10      EV:  8    Int:  7    God:    Trog [*****.]
Gold:   250        SH:  0    Dex: 15    Spells: 10/10 levels left

rFire    + . .     SeeInvis .   t - +0 battleaxe
rCold    . . .     Gourm    .   (shield currently unavailable)
rNeg     . . .     Faith    .   A - +0 plate armour
rPois    .         Spirit   .   (helmet restricted)
rElec    .         Reflect  .   j - +1 cloak
rCorr    .         Harm     .   z - +0 pair of gloves
MR       .....                  e - +1 pair of boots
Stlth    ..........             E - amulet of regeneration
HPRegen  0.66/turn              y - ring of protection from fire
MPRegen  0.12/turn              (no ring)

@: mighty, lethally poisoned (-2 -> -2), berserk cooldown, slowed, very slow
A: retaliatory headbutt, horns 2
a: Berserk, Trog's Hand, Brothers in Arms, Renounce Religion


You were on level 1 of the Lair of Beasts.
You worshipped Trog.
Trog was extremely pleased with you.
You were not hungry.

You visited 2 branches of the dungeon, and saw 9 of its levels.
You also visited: Ossuary.

You collected 474 gold pieces.
You spent 224 gold pieces at shops.

Inventory:

Hand Weapons
 a - a +0 hand axe
 t - a +0 battleaxe (weapon)
Armour
 b - a +0 robe
 e - a +1 pair of boots (worn)
 f - a +0 ring mail
 j - a +1 cloak (worn)
 q - a +0 scale mail
 v - a +0 chain mail
 z - a +0 pair of gloves (worn)
 A - a +0 plate armour (worn)
Jewellery
 h - an uncursed amulet of rage
 y - a ring of protection from fire (left hand)
 B - an uncursed ring of attention
 E - an amulet of regeneration (around neck)
Wands
 w - a wand of clouds (6)
 x - a wand of acid (4)
Scrolls
 g - 12 scrolls of identify
 k - 7 scrolls of teleportation
 u - a scroll of fear
 C - a scroll of fog
Potions
 d - 2 potions of lignification
 i - a potion of invisibility
 l - 3 potions of might
 m - a potion of flight
 n - a potion of heal wounds
 o - 4 potions of curing
 p - 2 potions of agility
 r - 2 potions of haste
 s - a potion of ambrosia
Comestibles
 c - 15 rations


   Skills:
 - Level 10.0 Fighting
 + Level 16.5 Axes
 - Level 9.3 Armour
 - Level 3.2 Dodging
 - Level 1.5 Stealth


You had 10 spell levels left.
You didn't know any spells.
Your spell library was empty.

Dungeon Overview and Level Annotations

Branches:
Dungeon (8/15)             Temple (0/1) D:4            Lair (1/6) D:8
Ossuary (visited)

Altars:
Trog
Zin

Shops:
D:4 !   D:6 %

Annotations:
Lair:1 opiumtea's ghost, journeyman OpCj


Innate Abilities, Weirdness & Mutations

You reflexively headbutt those who attack you in melee.
You have a pair of horns on your head.


Message History

The spriggan hits you from afar with the +7 trident of Capital Punishment {vamp, Stlth+}.
* * * LOW HITPOINT WARNING * * *
You feel much better. The spriggan rider barely misses you.
The spriggan hits you but does no damage.
The spriggan rider hits you with a cursed -1 spear!
* * * LOW HITPOINT WARNING * * *
You closely miss the spriggan rider.
Your headbutt misses the spriggan rider.
The spriggan rider is heavily wounded.
The sentinel's mark upon you fades away.
The spriggan hits you but does no damage.
The spriggan rider hits you with a cursed -1 spear!
* * * LOW HITPOINT WARNING * * *
The spriggan hits you but does no damage.
You feel very mighty all of a sudden.
You feel sick.
The spriggan rider hits you with a cursed -1 spear!
* * * LOW HITPOINT WARNING * * *
The spriggan hits you from afar with the +7 trident of Capital Punishment {vamp, Stlth+}!
You die...

♣#....P# #..##
##....## #...#
##..#.# #...#
##...## ##...#
##...## #...##
#....# ##.#.#
##..### #i..##
#...## #i...#
##.#.# #@..##
##..## #..## #
#....# #†..# #
#....# #.#.# #
##..### #...# #
#...# #...# #
#...########...##
##..............#
#....#.....^..##


You could see a spriggan rider and a spriggan.

Vanquished Creatures
  A two-headed ogre (D:7)
  A black mamba (Lair:1)
  Joseph (D:8)
  3 spiny frogs (Lair:1)
  A hornet (D:8)
  2 polar bears (Lair:1)
  Prince Ribbit (D:6)
  A slime creature (Lair:1)
  2 hippogriffs (D:8)
  Sigmund (D:5)
  2 spriggans (Lair:1)
  Eustachio (D:6)
  2 basilisks
  10 yaks (Lair:1)
  A steam dragon (D:8)
  Menkaure (D:7)
  Edmund (D:4)
  2 porcupines (Lair:1)
  2 water moccasins (Lair:1)
  2 orc warriors
  2 ice beasts
  A sky beast (D:6)
  A black bear (D:7)
  3 phantoms
  3 ogres
  A centaur (D:5)
  3 crocodiles
  4 elf zombies (Ossuary)
  Blork the orc (D:6)
  10 bullfrogs
  A gnoll sergeant (D:6)
  3 scorpions
  5 wights (D:7)
  3 howler monkeys
  3 crimson imps (D:5)
  A gnoll shaman (D:5)
  6 centaur zombies
  4 human zombies (Ossuary)
  3 bullfrog zombies
  3 hounds
  4 jellies (Lair:1)
  A centaur skeleton (D:4)
  Crazy Yiuf (D:2)
  2 orc priests (D:8)
  3 orc wizards
  2 worker ants
  A hound skeleton (D:6)
  3 mummies (Ossuary)
  Robin (D:2)
  17 gnolls
  15 adders
  A shadow imp (D:6)
  18 oozes (Lair:1)
  A worm (D:2)
  2 dart slugs
  5 leopard geckos
  18 orcs
  3 giant cockroaches
  16 goblins
  7 hobgoblins
  9 jackals
  9 kobolds
  10 quokkas
  9 bats
  4 frilled lizards
  A jackal skeleton (D:4)
  A quokka zombie (D:6)
  10 rats
  A fungus (Lair:1)
274 creatures vanquished.

Vanquished Creatures (others)
  7 fungi
  3 plants
10 creatures vanquished.

Grand Total: 284 creatures vanquished

Notes
Turn   | Place    | Note
-------+----------+-------------------------------------------
     0 | D:1      | Curus the Minotaur Monk began the quest for the Orb.
     0 | D:1      | Reached XP level 1. HP: 19/19 MP: 0/0
   142 | D:1      | Reached skill level 4 in Axes
   352 | D:1      | Reached XP level 2. HP: 22/26 MP: 1/1
   898 | D:2      | Reached skill level 5 in Axes
   898 | D:2      | Reached XP level 3. HP: 30/31 MP: 2/2
  1165 | D:2      | Reached skill level 6 in Axes
  1165 | D:2      | Reached XP level 4. HP: 23/39 MP: 3/3
  1244 | D:2      | Noticed Robin
  1251 | D:2      | Killed Robin
  1646 | D:2      | Found a runed translucent door.
  1647 | D:2      | Noticed Crazy Yiuf
  1762 | D:2      | Reached XP level 5. HP: 31/45 MP: 4/4
  1979 | D:2      | Killed Crazy Yiuf
  1979 | D:2      | Reached skill level 7 in Axes
  2324 | D:3      | Reached skill level 8 in Axes
  2447 | D:3      | Found a bloodstained altar of Trog.
  2459 | D:3      | Became a worshipper of Trog the Wrathful
  2459 | D:3      | Reached * piety under Trog
  2459 | D:3      | Reached ** piety under Trog
  2520 | D:3      | Reached XP level 6. HP: 51/51 MP: 5/5
  2687 | D:4      | Reached skill level 9 in Axes
  2877 | D:4      | Found a staircase to the Ecumenical Temple.
  2905 | D:4      | Reached XP level 7. HP: 57/57 MP: 6/6
  3011 | D:4      | Found Suhuy's Distillery.
  3017 | D:4      | Bought a potion of might for 56 gold pieces
  3017 | D:4      | Bought a potion of curing for 42 gold pieces
  3017 | D:4      | Bought a potion of agility for 56 gold pieces
  3235 | D:4      | Found a glowing silver altar of Zin.
  3235 | D:4      | Noticed Edmund
  3260 | D:4      | Killed Edmund
  3260 | D:4      | Reached skill level 10 in Axes
  3709 | D:5      | Entered Level 5 of the Dungeon
  3742 | D:5      | Reached skill level 11 in Axes
  3823 | D:5      | Reached XP level 8. HP: 46/64 MP: 7/7
  3980 | D:5      | Reached skill level 12 in Axes
  4390 | D:5      | Noticed Sigmund
  4398 | D:5      | Killed Sigmund
  4465 | D:5      | Found a sand-covered staircase.
  4472 | Ossuary  | Entered an ossuary
  4482 | Ossuary  | Reached skill level 13 in Axes
  4581 | Ossuary  | Reached *** piety under Trog
  4870 | Ossuary  | Reached XP level 9. HP: 68/70 MP: 8/8
  4895 | Ossuary  | Reached skill level 14 in Axes
  5057 | D:4      | Bought a potion of heal wounds for 70 gold pieces
  5098 | D:6      | Reached skill level 1 in Armour
  5172 | D:6      | Noticed Eustachio
  5182 | D:6      | Killed Eustachio
  5372 | D:6      | Found Loaqesh's Food Emporium.
  5398 | D:6      | Reached skill level 5 in Fighting
  5443 | D:6      | Noticed Blork the orc
  5452 | D:6      | Killed Blork the orc
  5518 | D:6      | Noticed Prince Ribbit
  5545 | D:6      | Killed Prince Ribbit
  5700 | D:7      | Reached **** piety under Trog
  5707 | D:7      | Reached skill level 5 in Armour
  6160 | D:7      | Noticed Menkaure
  6169 | D:7      | Killed Menkaure
  6866 | D:8      | Noticed a two-headed ogre
  6876 | D:7      | Killed a two-headed ogre
  6876 | D:7      | Reached XP level 10. HP: 31/88 MP: 9/9
  7295 | D:8      | Paralysed by a hornet for 3 turns
  7301 | D:8      | Paralysed by a hornet for 1 turns
  7734 | D:8      | Noticed Joseph
  7735 | D:8      | Found a staircase to the Lair.
  7761 | D:8      | Killed Joseph
  7770 | D:8      | Reached skill level 10 in Fighting
  7790 | Lair:1   | Entered Level 1 of the Lair of Beasts
  7839 | Lair:1   | Noticed a spiny frog
  7848 | Lair:1   | Killed a spiny frog
  8299 | Lair:1   | Noticed a spiny frog
  8300 | Lair:1   | Noticed a spiny frog
  8308 | Lair:1   | Killed a spiny frog
  8310 | Lair:1   | Killed a spiny frog
  8310 | Lair:1   | Reached skill level 15 in Axes
  8310 | Lair:1   | Reached XP level 11. HP: 99/99 MP: 10/10
  8316 | Lair:1   | Reached ***** piety under Trog
  8623 | Lair:1   | Found a runed translucent door.
  8635 | Lair:1   | Reached skill level 16 in Axes
  8658 | Lair:1   | Noticed opiumtea's ghost (journeyman OpCj)
  8659 | Lair:1   | Identified the +7 trident of Capital Punishment {vamp,
                  | Stlth+}
  8660 | Lair:1   | Noticed a spriggan rider
  8793 | Lair:1   | Slain by a spriggan

Levels and vault maps discovered:
D:1:      wheals_arrival_shading, layout_basic
D:2:      layout_basic, minmay_tetromino_i4, uniq_crazy_yiuf_cottage, uniq_robin
D:3:      layout_loops_ring, lemuel_round_altar, first_ration
D:4:      layout_basic, minmay_temple_entry_waves, serial_shops,
          nicolae_shop_crystal, lemuel_altar_in_water, uniq_edmund
D:5:      layout_loops_ring, chequers_ossuary_entry_cave, minivault_4,
          kennysheep_generic_room_8, uniq_sigmund
D:6:      layout_cave_pools, serial_shops,
          nicolae_shop_temple_entry_statues_fountains, uniq_eustachio,
          uniq_blork_the_orc, uniq_prince_ribbit1
D:7:      layout_layer_cave, uniq_menkaure
D:8:      layout_basic, david_lair_generic, uniq_joseph, uniq_psyche
Lair:1:   lemuel_slime, layout_concentric_octagons, ebering_ghost_funeral_grove

Skill      XL: |  1  2  3  4  5  6  7  8  9 10 11 |
---------------+----------------------------------+-----
Axes           | 4 5 6 8 9 11 13 14 15 16 | 16.5
Fighting       | 8 10 | 10.0
Armour         | 7 9 |  9.3
Dodging        | |  3.2
Stealth        | |  1.5

Action                   |  1- 3 |  4- 6 |  7- 9 | 10-12 || total
-------------------------+-------+-------+-------+-------++-------
Melee: Hand axe          |    77 |   184 |   394 |       ||   655
       Headbutt          |    10 |    24 |   113 |    54 ||   201
       Battleaxe         |       |       |    67 |   265 ||   332
Invok: Berserk           |       |       |     3 |     3 ||     6
       Trog's Hand       |       |       |       |     1 ||     1
Evoke: Wand              |       |       |       |     2 ||     2
  Use: Scroll            |     4 |     2 |     4 |     2 ||    12
       Potion            |     2 |     5 |     2 |     3 ||    12
 Stab: Sleeping          |     2 |     1 |       |       ||     3
       Invisible         |       |     1 |       |       ||     1
  Eat: Chunk             |     1 |     5 |    11 |     6 ||    23
       Ration            |       |       |     1 |     2 ||     3
Armor: Robe              |    10 |       |       |       ||    10
       Ring mail         |    11 |    59 |     3 |       ||    73
       Scale mail        |       |       |    74 |       ||    74
       Chain mail        |       |       |    53 |    38 ||    91
       Plate armour      |       |       |       |   138 ||   138
Dodge: Dodged            |    52 |    97 |   171 |    93 ||   413
